 Dungeon Crawl Stone Soup version 0.27-a0-406-g23f261fbd2 (webtiles) character file.

Game seed: 12727017477996247947

38959 jasper the Warrior (level 14, -4/125 HPs)
             Began as a Formicid Fighter on Feb 22, 2021.
             Was a Priest of Ashenzari.
             Killed from afar by a starcursed mass (7 damage)
             ... with an accursed screaming
             ... on level 2 of the Abyss.
             The game lasted 00:24:26 (18467 turns).

jasper the Warrior (Formicid Fighter)              Turns: 18467, Time: 00:24:26

Health: -4/125     AC: 18    Str: 27    XL:     14   Next: 37%
Magic:  14/14      EV:  9    Int:  9    God:    Ashenzari [***...]
Gold:   1732       SH: 14    Dex: 11    Spells: 12/13 levels left

rFire    + . .     SeeInvis +   E - +7 lajatang of Order {silver, rMut} (curse)
rCold    + + .     Faith    .   c - +0 kite shield (curse)
rNeg     + . .     Spirit   .   F - +0 plate armour {rC+}
rPois    +         Reflect  .   (helmet unavailable)
rElec    +         Harm     .   (no cloak)
rCorr    +         Rampage  .   (no gloves)
rMut     +                      n - +0 pair of boots
Will     +....                  K - amulet of magic regeneration
Stlth    ..........             r - ring of the Octopus King {AC+1 EV+1 Str+1 Int+1 Dex+1 SInv} (curse)
HPRegen  0.30/turn              B - ring of positive energy (curse)
MPRegen  0.39/turn

@: mighty, resistant
A: permanent stasis, dig shafts and tunnels, four strong arms, antennae 3
a: Dig, Shaft Self, Renounce Religion, Curse Item, Scrying


You were on level 2 of the Abyss.
You worshipped Ashenzari.
Ashenzari was most pleased with you.
You visited 3 branches of the dungeon, and saw 16 of its levels.
You visited the Abyss 1 time.

You collected 1870 gold pieces.
You spent 138 gold pieces at shops.

Inventory:

Hand Weapons
 a - a +0 quarterstaff
 C - a +4 lajatang
 E - the cursed +7 lajatang of Order (weapon) {silver, rMut}
   (You acquired it on level 7 of the Dungeon)

   It protects you from mutation.
   It has a curse placed upon it.
Missiles
 o - 270 stones
 p - 43 boomerangs (quivered)
Armour
 b - a +0 scale mail
 c - a cursed +0 kite shield (worn)
 n - a +0 pair of boots (worn)
 v - a +0 chain mail
 y - a +0 plate armour
 F - a +0 plate armour of cold resistance (worn)
Jewellery
 m - the amulet "Soufrusm" {Faith rF- rN++ Int+2 Slay+2}
   (You found it on level 12 of the Dungeon)

   [amulet of faith]

   It allows you to gain divine favour quickly.
   It affects your intelligence (+2).
   It affects your accuracy and damage with ranged weapons and melee attacks
   (+2).
   It makes you vulnerable to fire.
   It greatly protects you from negative energy.
 r - a cursed ring of the Octopus King (left hand) {AC+1 EV+1 Str+1 Int+1 Dex+1 SInv}
   (You found it on level 7 of the Dungeon)

   [ring of see invisible (curse)]

   It affects your AC (+1).
   It affects your evasion (+1).
   It affects your strength (+1).
   It affects your intelligence (+1).
   It affects your dexterity (+1).
   It lets you see invisible.
   It has a curse placed upon it.
 B - a cursed ring of positive energy (right hand)
 K - an amulet of magic regeneration (around neck)
Wands
 g - a wand of flame (61)
 z - a wand of iceblast (24)
 I - a wand of paralysis (8)
Scrolls
 d - 2 scrolls of amnesia
 f - 2 scrolls of enchant armour
 h - 3 scrolls of noise
 i - 2 scrolls of fear
 D - a scroll of immolation
 G - a scroll of magic mapping
 J - a scroll of vulnerability
 M - 3 scrolls of identify
Potions
 e - 2 potions of magic
 j - a potion of flight
 k - a potion of cancellation
 q - 3 potions of lignification
 s - 4 potions of brilliance
 t - 3 potions of degeneration
 u - a potion of invisibility
 w - a potion of mutation
 x - a potion of ambrosia
 A - a potion of haste
Miscellaneous
 N - a phantom mirror


   Skills:
 - Level 16.0 Fighting
 - Level 11.4(14.0) Staves
 - Level 13.7 Armour
 - Level 11.7(13.3) Shields
 + Level 3.0(4.7) Necromancy
 - Level 6.0(7.9) Evocations


You had 12 spell levels left.
You knew the following spells:

 Your Spells              Type           Power        Failure   Level
a - Animate Skeleton      Necr           16%          38%         1

Your spell library contained the following spells:

 Spells                   Type           Power        Failure   Level
 Pain                     Necr           32%          38%         1
 Vampiric Draining        Necr           4%           77%         3
 Foxfire                  Conj/Fire      0%           95%         1
 Magic Dart               Conj           0%           95%         1
 Sandblast                Erth           0%           95%         1
 Call Imp                 Summ           0%           99%         2
 Passwall                 Tmut/Erth      0%           99%         2
 Slow                     Hex            0%           99%         2
 Animate Dead             Necr           4%           99%         4
 Conjure Flame            Conj/Fire      0%           100%        3
 Inner Flame              Hex/Fire       0%           100%        3
 Mephitic Cloud           Conj/Pois/Air  0%           100%        3
 Stone Arrow              Conj/Erth      0%           100%        3
 Petrify                  Tmut/Erth      0%           100%        4
 Sticky Flame             Conj/Fire      0%           100%        4
 Agony                    Necr           8%           100%        5
 Fireball                 Conj/Fire      0%           100%        5
 Lee's Rapid Deconstruct  Erth           0%           100%        5
 Blink                    Tloc           Unusable     N/A         2

Dungeon Overview and Level Annotations

Branches:
Dungeon (13/15)            Temple (1/1) D:5            Lair (0/6) D:10
    Orc (2/2) D:10
    Elf: Orc:2       Vaults: D:13-14

Altars:
Ashenzari
Cheibriados
Dithmenos
Elyvilon
Fedhas
Gozag
Hepliaklqana
Kikubaaqudgha
Makhleb
Nemelex Xobeh
Okawaru
Qazlal
Ru
Sif Muna
Trog
Uskayaw
Vehumet
Wu Jian
Xom
Yredelemnul
Zin
The Shining One

Shops:
D:6 ?   D:11 (

Portals:
Trove: D:10 (give +5 demon trident)

Annotations:
Orc:2 Erolcha


Innate Abilities, Weirdness & Mutations

You cannot be hasted, slowed, berserked, paralysed or teleported.
You can dig through walls and to a lower floor.
Your four strong arms can wield two-handed weapons with a shield.
You have a pair of large antennae on your head. (SInv)


Message History

You block the starcursed mass's attack.
The starcursed mass engulfs you but does no damage.
The starcursed mass engulfs you!
* * * LOW HITPOINT WARNING * * *
You take 8 damage, and have 20/125 hp.
You feel very mighty all of a sudden. The starcursed mass engulfs you.
* * * LOW HITPOINT WARNING * * *
The starcursed mass engulfs you but does no damage.
You take 6 damage, and have 14/125 hp.
There are monsters nearby!
You hit the starcursed mass.
The starcursed mass is moderately damaged.
The starcursed mass shudders and is absorbed by its neighbour.
You block the starcursed mass's attack. The starcursed mass barely misses you.
You hit the starcursed mass but do no damage.
The starcursed mass is lightly damaged.
A chorus of shrieks assaults your mind.
* * * LOW HITPOINT WARNING * * *
The starcursed mass engulfs you but does no damage.
You take 6 damage, and have 9/125 hp.
You slash the starcursed mass!
The starcursed mass is severely damaged.
The starcursed mass shudders and is absorbed by its neighbour.
The starcursed mass engulfs you but does no damage.
You slice the starcursed mass like a ripe choko!!!
You destroy the starcursed mass!
A chorus of shrieks assaults your mind.
* * * LOW HITPOINT WARNING * * *
Your base Necromancy skill increases to level 3!
You take 7 damage, and have 2/125 hp.
You slash the starcursed mass!
You destroy the starcursed mass!
You hit the starcursed mass.
The starcursed mass is moderately damaged.
You block the ancient zyme's attack. The ancient zyme barely misses you.
You slice the ancient zyme!!
The ancient zyme is heavily damaged.
The starcursed mass shrieks in your mind.
You die...

* * , , #. * , *
, # #, * , * *##
. * * * , # . ..
* ** *,* ##.. .#
, , * #...#.* ,
,,,###* ,
#..#########. ,
, , ..#
**#.h3X@......#
.
#...#.x##x.#.##.
* #.
#.#####.##.##..#
,# . ..#.....#,
..# , , .#
*#...### X.##*
..## , #..# .. .
... . ,*, , .
... . ... .., ..
.. .. ....
....... ....
......... ...


You could see a starcursed mass, an ancient zyme, a raiju, a neqoxec and a small
abomination.

Vanquished Creatures
  An orc warlord (D:12)
  A boulder beetle (D:13)
  Harold (D:8)
  A hydra (D:12)
  Erica (D:8)
  2 centaur warriors
  6 two-headed ogres
  Urug (Orc:1)
  2 unseen horrors
  7 skeletal warriors
  Pikel (D:6)
  3 orc knights (Orc:1)
  3 ugly things
  2 large abominations (Abyss:2)
  A manticore (D:12)
  2 cyclopes
  3 centaur zombies
  2 gargoyles (D:12)
  A smoke demon (Abyss:2)
  2 efreet
  7 trolls
  Grinder (D:6)
  A small abomination (Abyss:2)
  A slime creature (D:12)
  2 shadows
  A wraith (D:10)
  14 yaks
  5 wyverns
  2 steam dragons
  A warg (D:12)
  An acid dragon (D:12)
  Duvessa (D:6)
  5 water moccasins
  22 orc warriors
  4 ice beasts
  A sky beast (D:10)
  2 black bears
  An eye of draining (D:12)
  2 necrophages
  7 centaurs
  6 ogres
  A lemure (D:6)
  4 phantoms
  2 kobold brigands
  9 bullfrogs
  2 gnoll sergeants
  Dowan (D:6)
  11 scorpions
  A water moccasin zombie (D:11)
  A wyvern skeleton (D:8)
  12 killer bees
  26 wights
  A howler monkey (D:4)
  6 bullfrog zombies
  7 starcursed masses (Abyss:2)
  5 hounds
  A quasit (D:10)
  8 jellies
  A bullfrog skeleton (D:6)
  4 centaur skeletons
  14 orc priests
  A gnoll shaman (D:8)
  10 iguanas
  18 orc wizards
  9 worker ants
  A hound skeleton (D:10)
  2 howler monkey zombies
  A worker ant zombie (D:7)
  24 gnolls
  2 howler monkey skeletons
  13 adders
  2 shadow imps
  5 white imps
  An ooze (D:1)
  An adder zombie (D:6)
  5 adder skeletons
  2 dart slugs
  4 worms (D:2)
  10 leopard geckos
  88 orcs
  7 bats
  2 giant cockroaches (D:1)
  7 goblins
  15 hobgoblins
  18 jackals
  23 kobolds
  4 quokkas
  A ball python (D:5)
  5 frilled lizards
  A leopard gecko skeleton (D:7)
  A quokka skeleton (D:9)
  A quokka zombie (D:6)
  13 rats
544 creatures vanquished.

Vanquished Creatures (others)
  A skeletal warrior (D:12)
  An orc (D:9)
  6 fungi (D:10)
  27 plants
35 creatures vanquished.

Grand Total: 579 creatures vanquished

Notes
Turn   | Place    | Note
-------+----------+-------------------------------------------
     0 | D:1      | jasper the Formicid Fighter began the quest for the Orb.
     0 | D:1      | Reached XP level 1. HP: 18/18 MP: 1/1
   189 | D:1      | You fall into a shaft and drop 1 floor!
   194 | D:2      | Reached XP level 2. HP: 24/24 MP: 2/2
   566 | D:2      | Reached XP level 3. HP: 28/29 MP: 3/3
   665 | D:2      | Found a sacrificial altar of Ru.
  1063 | D:2      | Reached XP level 4. HP: 29/35 MP: 4/4
  1245 | D:2      | Noticed a moth of wrath
  1248 | D:2      | Found a bloodstained altar of Trog.
  2345 | D:1      | Reached XP level 5. HP: 12/41 MP: 5/5
  2772 | D:1      | Reached skill level 5 in Staves
  3062 | D:3      | Found a white marble altar of Elyvilon.
  3461 | D:3      | You fall into a shaft and drop 2 floors!
  3461 | D:5      | Entered Level 5 of the Dungeon
  3473 | D:5      | Reached XP level 6. HP: 12/47 MP: 6/6
  3991 | D:5      | Noticed an ogre
  4002 | D:5      | Killed an ogre
  4145 | D:5      | Reached XP level 7. HP: 35/52 MP: 7/7
  4322 | D:5      | Found a radiant altar of Vehumet.
  4689 | D:4      | Reached skill level 1 in Evocations
  4696 | D:4      | Reached XP level 8. HP: 30/60 MP: 8/8
  5018 | D:4      | Reached skill level 4 in Fighting
  5284 | D:4      | You fall into a shaft and drop 2 floors!
  5371 | D:6      | Found a snail-covered altar of Cheibriados.
  5463 | D:6      | Reached skill level 5 in Shields
  5695 | D:4      | Reached skill level 5 in Armour
  6017 | D:4      | Reached skill level 5 in Fighting
  6017 | D:4      | Reached XP level 9. HP: 64/68 MP: 9/9
  6675 | D:4      | Found a hazy altar of Hepliaklqana.
  7086 | D:5      | Found a staircase to the Ecumenical Temple.
  7096 | Temple   | Entered the Ecumenical Temple
  7297 | Temple   | Became a worshipper of Ashenzari the Shackled
  7549 | D:6      | Noticed Duvessa
  7556 | D:6      | Noticed Dowan
  7566 | D:6      | Killed Duvessa
  7572 | D:6      | Killed Dowan
  7825 | D:6      | Noticed Pikel
  7843 | D:6      | Killed Pikel
  7844 | D:6      | Reached skill level 6 in Fighting
  7887 | D:6      | Noticed Grinder
  7900 | D:6      | Killed Grinder
  7901 | D:6      | Reached skill level 5 in Evocations
  8153 | D:6      | Found Jeihow's Magic Scroll Shoppe.
  8159 | D:6      | Bought a scroll of enchant armour for 90 gold pieces
  8159 | D:6      | Bought a scroll of identify for 24 gold pieces
  8159 | D:6      | Bought a scroll of identify for 24 gold pieces
  8493 | D:7      | Reached XP level 10. HP: 77/77 MP: 10/10
  8564 | D:7      | Found an iron altar of Okawaru.
  8607 | D:7      | Noticed an efreet
  8614 | D:7      | Killed an efreet
  8621 | D:7      | Reached skill level 7 in Fighting
  8861 | D:7      | Found the ring of the Octopus King {AC+1 EV+1 Str+1 Int+1
                  | Dex+1 SInv}
  8861 | D:7      | Found the ring of the Octopus King {AC+1 EV+1 Str+1 Int+1
                  | Dex+1 SInv}
  9083 | D:7      | Identified 3 scrolls of acquirement
  9102 | D:7      | Acquired 600 gold pieces
  9103 | D:7      | Acquired a manual of Fighting
  9104 | D:7      | Acquired the cursed +7 lajatang of Order {silver, rMut}
  9105 | D:7      | Found the cursed +7 lajatang of Order {silver, rMut}
  9767 | D:8      | Noticed Harold
  9820 | D:8      | Killed Harold
  9821 | D:8      | Reached skill level 8 in Fighting
  9918 | D:8      | Reached skill level 9 in Fighting
 10212 | D:8      | Reached XP level 11. HP: 82/89 MP: 11/11
 10295 | D:8      | Reached skill level 10 in Fighting
 10406 | D:8      | Reached * piety under Ashenzari
 10501 | D:8      | Learned a level 1 spell: Animate Skeleton
 10560 | D:8      | Noticed Erica
 10568 | D:8      | Killed Erica
 10928 | D:8      | Reached skill level 10 in Shields
 11387 | D:9      | Reached skill level 11 in Fighting
 11914 | D:9      | Reached skill level 10 in Armour
 12206 | D:9      | Found a broken altar of Ashenzari.
 12254 | D:9      | Noticed an unseen horror
 12258 | D:9      | Killed an unseen horror
 12259 | D:9      | Reached skill level 12 in Fighting
 12550 | D:10     | Entered Level 10 of the Dungeon
 12662 | D:10     | Reached XP level 12. HP: 103/103 MP: 12/12
 12873 | D:10     | Found a staircase to the Lair.
 13033 | D:10     | Found a staircase to the Orcish Mines.
 13125 | D:10     | Found a portal to a secret trove of treasure.
 13285 | D:11     | Noticed a two-headed ogre
 13293 | D:11     | Killed a two-headed ogre
 13294 | D:11     | Reached skill level 13 in Fighting
 13372 | D:11     | Reached ** piety under Ashenzari
 13705 | D:11     | Noticed a two-headed ogre
 13714 | D:11     | Killed a two-headed ogre
 13827 | D:11     | Noticed a two-headed ogre
 13834 | D:11     | Killed a two-headed ogre
 13835 | D:11     | Reached skill level 14 in Fighting
 13989 | D:11     | Found Pylelide's Antique Weapon Shop.
 14402 | D:11     | Noticed a two-headed ogre
 14406 | D:11     | Killed a two-headed ogre
 14854 | D:12     | Noticed an orc warlord
 14874 | D:12     | Killed an orc warlord
 14875 | D:12     | Reached XP level 13. HP: 87/114 MP: 13/13
 15019 | D:12     | Reached skill level 15 in Fighting
 15020 | D:12     | Noticed a centaur warrior
 15032 | D:12     | Killed a centaur warrior
 15274 | D:12     | Noticed a five-headed hydra
 15299 | D:12     | Killed a five-headed hydra
 15368 | D:12     | Reached skill level 16 in Fighting
 16104 | D:12     | Identified the amulet "Soufrusm" {Faith rF- rN++ Int+2
                  | Slay+2}
 16707 | D:13     | Noticed a centaur warrior
 16709 | D:13     | Noticed a boulder beetle
 16716 | D:13     | Killed a centaur warrior
 16717 | D:13     | Reached XP level 14. HP: 87/125 MP: 14/14
 16726 | D:13     | Reached skill level 10 in Staves
 17036 | Orc:1    | Entered Level 1 of the Orcish Mines
 17177 | Orc:1    | Reached *** piety under Ashenzari
 17661 | Orc:1    | Noticed Urug
 17670 | Orc:1    | Killed Urug
 18362 | Orc:2    | Entered Level 2 of the Orcish Mines
 18363 | Orc:2    | Noticed Erolcha
 18364 | Orc:2    | Cast into level 2 of the Abyss (Erolcha)
 18403 | Abyss:2  | Reached skill level 1 in Necromancy
 18428 | Abyss:2  | Noticed a starcursed mass
 18455 | Abyss:2  | HP: 2/125 [starcursed mass/accursed screaming (11)]
 18464 | Abyss:2  | HP: 2/125 [starcursed mass/accursed screaming (7)]
 18467 | Abyss:2  | Killed from afar by a starcursed mass

Illustrated notes

Levels and vault maps discovered:
D:1:      lemuel_arrival_muddy, layout_loops_ring, serial_bayou_lagoon_b
D:2:      layout_loops_corners, lemuel_doored_altar, tgw_trog
D:3:      layout_loops_ring, marbit_many_paths
D:4:      layout_loops_ring, nzn_hepliaklqana_mist_gate
D:5:      layout_loops_ring, vehumet_altar_wand_db,
          minmay_temple_entry_butterflies
D:6:      layout_loops_ring, cheibriados_altar_1, serial_shops, shop,
          uniq_grinder, uniq_duvessa, uniq_pikel
D:7:      nzn_winding_woodlands_cross [nzn_winding_woodlands_5x15_zeroes,
          nzn_winding_woodlands_5x15_sawtooth,
          nzn_winding_woodlands_5x15_jagged, nzn_winding_woodlands_5x15_garden,
          nzn_winding_woodlands_15x15_five_gardens], layout_basic,
          kennysheep_little_box
D:8:      layout_gridville, dk_vineyard_2, uniq_erica, uniq_harold
D:9:      minmay_spotlight, layout_cave_pools, basic_altar
D:10:     layout_rooms, grunt_lair_entry_orc_guard_hut, david_orc_2,
          enter_trove_3
D:11:     layout_stronghold, serial_shops, shop, grunt_ministairs_1
D:12:     layout_basic, minmay_the_grid_2x2 [minmay_the_grid_x,
          minmay_the_grid_odd_star, minmay_the_grid_armoury,
          minmay_the_grid_prize_trominoes]
D:13:     layout_rooms
Temple:   regret_index_temple_sphere_string
Orc:1:    cheibrodos_orc_bank, layout_caves, sword_in_stone
Orc:2:    pf_orc_diabolical, layout_diamond_mine, serial_shops, shop,
          lightli_church_of_beogh, uniq_erolcha
Abyss:2:  base:
D:9

Skill      XL: |  1  2  3  4  5  6  7  8  9 10 11 12 13 14 |
---------------+-------------------------------------------+-----
Staves         | 3 4 5 7 8 9 11 | 11.4
Evocations     | 1 3 5 6 |  6.0
Shields        | 4 5 7 9 11 | 11.7
Fighting       | 5 6 9 12 14 16 | 16.0
Armour         | 5 6 8 10 12 13 | 13.7
Necromancy     | 3 |  3.0

Action                   |  1- 3 |  4- 6 |  7- 9 | 10-12 | 13-15 || total
-------------------------+-------+-------+-------+-------+-------++-------
Melee: Quarterstaff      |    81 |   217 |   303 |       |       ||   601
       Lajatang          |       |       |    84 |   593 |   383 ||  1060
Throw: Boomerang         |       |    27 |    16 |    13 |     2 ||    58
       Stone             |       |     2 |       |       |       ||     2
Invok: Curse Item        |       |       |     2 |     2 |       ||     4
 Abil: Shaft Self        |       |     1 |       |       |       ||     1
       Dig               |       |       |     2 |       |     4 ||     6
Evoke: Wand              |       |       |       |     1 |     4 ||     5
  Use: Potion            |       |     3 |     1 |     1 |    10 ||    15
       Scroll            |       |       |    14 |     4 |       ||    18
 Stab: Invisible         |       |       |       |       |     1 ||     1
Armor: Scale mail        |    37 |    51 |       |       |       ||    88
       Chain mail        |       |    14 |    15 |       |       ||    29
       Skin              |       |     9 |       |       |       ||     9
       Plate armour      |       |       |   154 |   279 |    76 ||   509
Dodge: Dodged            |    21 |    54 |    54 |   178 |    61 ||   368
Block: Kite shield       |    33 |    79 |   179 |   443 |   177 ||   911

Table legend: (Time is in decaauts)
 A = Elapsed time spent in this place.
 B = Non-inter-level travel time spent in this place.
 C = Inter-level travel time spent in this place.
 D = Time resting spent in this place.
 E = Time spent auto-exploring this place.
 F = Levels seen in this place.
 G = Mean time per level.
                   A        B        C        D        E       F      G
               +--------+--------+--------+--------+--------+-----+--------+
         Total |  18538 |  17826 |    712 |   2771 |  11605 |  17 | 1090.5 |
       Dungeon |  16934 |  16369 |    565 |   2419 |  10889 |  13 | 1302.6 |
        Temple |    226 |    151 |     75 |      0 |    149 |   1 |  226.0 |
  Orcish Mines |   1281 |   1210 |     71 |    351 |    567 |   2 |  640.5 |
         Abyss |     96 |     96 |      0 |      0 |      0 |   1 |   96.0 |
               +--------+--------+--------+--------+--------+-----+--------+

Top non-repeatable levels by time:
     D:2: 1699 daAuts
     D:4: 1576 daAuts
     D:5: 1547 daAuts
    D:11: 1534 daAuts
     D:8: 1491 daAuts
     D:7: 1399 daAuts
     D:1: 1369 daAuts
    D:12: 1338 daAuts
     D:6: 1321 daAuts
   Orc:1: 1279 daAuts
     D:9: 1180 daAuts
     D:3: 902 daAuts
    D:13: 831 daAuts
    D:10: 740 daAuts
  Temple: 226 daAuts
